 Dungeon Crawl Stone Soup version 0.29.1-1-gd02db6906a (webtiles) character file.

Game seed: 8753628765031303592

11447 Icepheonix32 the Protected (level 11, 0/99 HPs)
             Began as a Minotaur Fighter on Sept 21, 2022.
             Was a High Priest of Okawaru.
             Slain by a manticore (13 damage)
             ... on level 11 of the Dungeon.
             The game lasted 00:22:52 (14905 turns).

Icepheonix32 the Protected (Minotaur Fighter)      Turns: 14905, Time: 00:22:53

Health: 0/99       AC: 17    Str: 37    XL:     11   Next: 49%
Magic:  0/15       EV: 13    Int:  5    God:    Okawaru [*****.]
Gold:   727        SH: 13    Dex: 15    Spells: 10/10 levels left

rFire   + + +      SeeInvis .   m - +7 Spriggan's Knife {stab, EV+4 Stlth+}
rCold   . . .      Faith    .   j - +2 kite shield {AC+3}
rNeg    + + +      Spirit   +   i - +0 plate armour "Fafost" {Dex+4}
rPois   .          Reflect  .   (helmet restricted)
rElec   .          Harm     .   h - scarf {rC+ rF+}
rCorr   +          Rampage  .   (no gloves)
Will    .....                   C - -2 pair of boots "Liptyranla" {Str+5}
Stlth   ..........              t - amulet of guardian spirit
HPRegen 0.26/turn               w - ring "Toidd" {Fire rN+ Str+2}
MPRegen 0.14/turn               d - ring of Ydi Emust {rF++ rN++ rCorr Str+6}

@: attractive
A: horns 2, retaliatory headbutt
a: Renounce Religion, Heroism, Finesse, Duel


You were on level 11 of the Dungeon.
You worshipped Okawaru.
Okawaru was extremely pleased with you.
You visited 2 branches of the dungeon, and saw 12 of its levels.
You also visited: Bailey.

You collected 727 gold pieces.

Inventory:

Hand Weapons
 e - a +3 dagger
 m - the +7 Spriggan's Knife (weapon) {stab, EV+4 Stlth+}
   (You took it off an orc priest on level 10 of the Dungeon)

   It is more effective when stabbing unaware enemies, sometimes treating them
   as though they were completely helpless.
   EV:        It affects your evasion (+4).
   Stlth:     It makes you more stealthy.
 x - a +2 short sword of electrocution
 F - a +3 great sword of freezing
 H - a +5 spear
 J - a +2 dagger of distortion
 L - a +4 trident
Missiles
 u - 5 boomerangs (quivered)
Armour
 b - a +0 scale mail
 c - a +0 buckler
 h - a scarf of resistance (worn)
 i - the +0 plate armour "Fafost" (worn) {Dex+4}
   (Okawaru gifted it to you on level 10 of the Dungeon)

   Dex:       It affects your dexterity (+4).
 j - a +2 kite shield of protection (worn)
 k - +0 fire dragon scales
 p - a +0 scale mail of cold resistance
 y - a +1 chain mail
 C - the -2 pair of boots "Liptyranla" (worn) {Str+5}
   (You found it on level 4 of the Dungeon)

   Str:       It affects your strength (+5).
Jewellery
 a - a ring of resist corrosion
 d - the ring of Ydi Emust (right hand) {rF++ rN++ rCorr Str+6}
   (You acquired it on level 7 of the Dungeon)

   [ring of strength]

   Str:       It affects your strength (+6).
   rF:        It greatly protects you from fire.
   rN:        It greatly protects you from negative energy.
   rCorr:     It protects you from acid and corrosion.
 t - an amulet of guardian spirit (around neck)
 w - the ring "Toidd" (left hand) {Fire rN+ Str+2}
   (You found it on level 7 of the Dungeon)

   [ring of fire]

   It enhances your fire magic.
   Str:       It affects your strength (+2).
   rF:        It protects you from fire.
   rC:        It makes you vulnerable to cold.
   rN:        It protects you from negative energy.
Wands
 E - a wand of iceblast (4)
 G - a wand of mindburst (13)
Scrolls
 f - 3 scrolls of enchant armour
 o - 7 scrolls of fear
 s - a scroll of blinking
 B - 3 scrolls of enchant weapon
 M - 2 scrolls of amnesia
 P - a scroll of brand weapon {unknown}
 Q - 2 scrolls of identify
Potions
 g - a potion of resistance {unknown}
 l - 2 potions of haste {unknown}
 n - 5 potions of curing {unknown}
 q - 2 potions of lignification
 r - 2 potions of brilliance {unknown}
 v - a potion of degeneration
 z - a potion of mutation
 A - a potion of invisibility
 D - 2 potions of heal wounds
 I - 2 potions of magic
 N - a potion of flight {unknown}
 O - a potion of might


   Skills:
 * Level 10.0 Fighting
 + Level 6.8 Short Blades
 - Level 2.9(4.1) Axes
 - Level 4.4(4.8) Polearms
 + Level 2.0 Throwing
 * Level 11.9 Armour
 + Level 3.9 Dodging
 + Level 1.5 Stealth
 * Level 10.1 Shields
 * Level 6.6 Invocations


You had 10 spell levels left.
You didn't know any spells.
Your spell library contained the following spells:

 Spells                   Type           Power      Damage    Failure   Level
 Freeze                   Ice            0%         1d3       99%         1
 Frozen Ramparts          Ice            0%         1d1       100%        3
 Hailstorm                Conj/Ice       0%         3d3       100%        4
 Ice Form                 Ice/Tmut       0%         N/A       100%        4
 Chain Lightning          Conj/Air       0%         N/A       100%        9
 Fire Storm               Conj/Fire      0%         5d1       100%        9
 Shatter                  Erth           0%         3d5*      100%        9
 Summon Ice Beast         Ice/Summ       Unusable   N/A       N/A         4

Dungeon Overview and Level Annotations

Branches:
Dungeon (11/15)            Temple (1/1) D:4            Lair (0/5) D:11
 Bailey (visited)
    Orc: D:9-12

Altars:
Ashenzari
Cheibriados
Dithmenos
Elyvilon
Fedhas
Gozag
Hepliaklqana
Kikubaaqudgha
Makhleb
Nemelex Xobeh
Okawaru
Qazlal
Ru
Sif Muna
Trog
Uskayaw
Vehumet
Wu Jian
Xom
Yredelemnul
Zin
The Shining One
Lugonu

Annotations:
D:3 3 runed translucent doors, gelatine's ghost, amateur MiFi
D:9 exclusion: obsidian statue


Innate Abilities, Weirdness & Mutations

You have a pair of horns on your head.
You reflexively headbutt those who attack you in melee.


Message History

You block the manticore's attack.
You hit the manticore.
The manticore is moderately wounded.
You block the manticore's attack. The manticore closely misses you.
The manticore claws you but does no damage.
You hit the manticore. You headbutt the manticore.
The manticore is moderately wounded.
You block the manticore's attack. The manticore claws you.
* * * LOW HITPOINT WARNING * * *
The manticore claws you!
* * * LOW HITPOINT WARNING * * *
You hit the manticore. Your headbutt misses the manticore.
The manticore is heavily wounded.
You block the manticore's attack. The manticore closely misses you.
You block the manticore's attack.
You barely miss the manticore.
The manticore is heavily wounded.
You hit the manticore but do no damage.
The manticore is heavily wounded.
The manticore closely misses you. x2; The manticore barely misses you.
You hit the manticore. Your headbutt misses the manticore.
The manticore is heavily wounded.
You block the manticore's attack. x2
The manticore claws you but does no damage.
You hit the manticore.
You headbutt the manticore, but do no damage.
The manticore is heavily wounded.
The manticore closely misses you. The manticore barely misses you.
You block the manticore's attack.
You hit the manticore. You headbutt the manticore!
The manticore is almost dead.
The manticore bites you!
* * * LOW HITPOINT WARNING * * *
You block the manticore's attack.
The manticore claws you but does no damage.
Unknown command.
It was a potion of attraction.
You feel attractive to monsters. The manticore bites you!
You die...

#...#........#.....#......###
... #........#.....#.†.......
.. #..##'####.....###)#####.
#..#.....###'###.......#.
#...#.###.# ....#..#....#.
#...#. #)#.....#).#....## #..
#. #)#.....#).#....# #.. #.
#)#.....#<)#....# #...#.
#@'.....#..#....# ....##
##H#.....#.......#
......##..#####.#.......#
......!##.....# #########
.... .....oo.#.....# ....
.>..o{........# ....
..............# ..#
......o##.....# ..# ......#
.######


You could see a manticore.

Vanquished Creatures
  Fannar (D:11)
  A two-headed ogre (D:11)
  An orc knight (D:10)
  An unseen horror (D:10)
  Psyche (D:8)
  A troll (D:10)
  Grinder (D:5)
  3 slime creatures (D:10)
  A wraith (D:9)
  A human (D:11)
  15 yaks
  A steam dragon (D:9)
  A vampire mosquito (D:11)
  Menkaure (D:5)
  A warg (D:11)
  An acid dragon (D:9)
  2 water moccasins
  2 ice beasts
  2 sky beasts
  3 black bears
  13 orc warriors
  7 centaurs
  2 ogres (D:5)
  A kobold brigand (D:6)
  3 bullfrogs
  A necrophage (D:4)
  4 scorpions
  9 wights
  7 killer bees
  A howler monkey (D:8)
  3 jellies
  2 hounds
  10 orc priests
  2 gnoll boudas
  An iguana (D:6)
  12 orc wizards
  6 gnolls
  5 adders
  2 shadow imps (D:6)
  3 white imps
  2 ufetubi
  2 worms
  3 dart slugs
  51 orcs
  14 ball pythons
  5 endoplasms
  3 giant cockroaches
  12 hobgoblins
  4 jackals (D:4)
  11 kobolds
  2 quokkas (D:3)
  7 bats
  4 frilled lizards
  9 goblins
  4 rats
268 creatures vanquished.

Vanquished Creatures (others)
  12 plants (D:8)
12 creatures vanquished.

Grand Total: 280 creatures vanquished

Notes
Turn   | Place    | Note
-------+----------+-------------------------------------------
     0 | D:1      | Icepheonix32 the Minotaur Fighter began the quest for the
                  | Orb.
     0 | D:1      | Reached XP level 1. HP: 19/19 MP: 0/0
   247 | D:1      | Reached XP level 2. HP: 27/27 MP: 1/1
   614 | D:1      | Found a faded altar of an unknown god.
   692 | D:1      | Reached skill level 4 in Armour
  1123 | D:2      | Reached XP level 3. HP: 28/34 MP: 2/2
  2079 | D:3      | Found a runed translucent gate.
  2086 | D:3      | Found a runed translucent gate.
  2087 | D:3      | Found a runed translucent gate.
  2099 | D:3      | Noticed gelatine's ghost (amateur MiFi)
  2164 | D:3      | Reached skill level 1 in Dodging
  2164 | D:3      | Reached XP level 4. HP: 38/41 MP: 3/3
  2462 | D:3      | Found an iron altar of Okawaru.
  2478 | D:3      | Noticed a water moccasin
  2479 | D:3      | Became a worshipper of Warmaster Okawaru
  2486 | D:3      | Killed a water moccasin
  2487 | D:3      | Reached skill level 5 in Fighting
  2487 | D:3      | Reached skill level 1 in Short Blades
  2487 | D:3      | Reached skill level 1 in Invocations
  2487 | D:3      | Reached XP level 5. HP: 34/48 MP: 2/4
  2765 | D:3      | Reached skill level 5 in Armour
  2769 | D:3      | Reached * piety under Okawaru
  2833 | D:4      | Reached XP level 6. HP: 41/56 MP: 3/5
  2934 | D:4      | You fall into a shaft and drop 3 floors!
  2934 | D:7      | Found an opulent altar of Gozag.
  2998 | D:7      | Noticed a sky beast
  3007 | D:7      | Killed a sky beast
  3008 | D:7      | Noticed an ice beast
  3029 | D:7      | Killed an ice beast
  3231 | D:7      | Noticed a water moccasin
  3247 | D:7      | Killed a water moccasin
  3248 | D:7      | Reached skill level 6 in Armour
  3248 | D:7      | Reached XP level 7. HP: 29/63 MP: 4/7
  3278 | D:7      | Identified the ring "Toidd" {Fire rN+ Str+2}
  3678 | D:5      | Entered Level 5 of the Dungeon
  3893 | D:4      | Reached skill level 7 in Armour
  3893 | D:4      | Reached skill level 1 in Stealth
  3986 | D:4      | Reached ** piety under Okawaru
  4006 | D:4      | Identified the -2 pair of boots "Liptyranla" {Str+5}
  4090 | D:4      | Found a staircase to the Ecumenical Temple.
  4178 | Temple   | Entered the Ecumenical Temple
  4277 | D:4      | Found a stormy altar of Qazlal.
  4277 | D:4      | Found a glowing golden altar of the Shining One.
  4285 | D:4      | Found a faded altar of an unknown god.
  4287 | D:4      | Found a sparkling altar of Nemelex Xobeh.
  4289 | D:4      | Found a faded altar of an unknown god.
  4568 | D:5      | Reached XP level 8. HP: 71/71 MP: 9/9
  4632 | D:5      | Noticed Grinder
  4635 | D:5      | Paralysed by Grinder for 5 turns
  4651 | D:5      | Paralysed by Grinder for 2 turns
  4658 | D:5      | Paralysed by Grinder for 3 turns
  4666 | D:5      | Killed Grinder
  4950 | D:5      | Noticed Menkaure
  4953 | D:5      | Killed Menkaure
  5159 | D:5      | Reached skill level 8 in Armour
  5163 | D:5      | HP: 2/73 [ogre/+0 giant club (18)]
  5336 | D:5      | Reached skill level 5 in Shields
  5921 | D:6      | Found a shadowy altar of Dithmenos.
  5930 | D:6      | Reached skill level 5 in Short Blades
  5973 | D:6      | Reached *** piety under Okawaru
  6090 | D:6      | Found a faded altar of an unknown god.
  6090 | D:6      | Found a faded altar of an unknown god.
  6090 | D:6      | Found a hazy altar of Hepliaklqana.
  6090 | D:6      | Found a faded altar of an unknown god.
  6100 | D:6      | Reached XP level 9. HP: 60/77 MP: 9/11
  6218 | D:6      | Found a broken altar of Ashenzari.
  6294 | D:6      | Found a burning altar of Makhleb.
  6577 | D:6      | Found a snail-covered altar of Cheibriados.
  6749 | D:7      | Found a white marble altar of Elyvilon.
  7025 | D:7      | Reached skill level 9 in Armour
  7035 | D:7      | Reached **** piety under Okawaru
  7565 | D:7      | Identified a scroll of acquirement
  7573 | D:7      | Acquired the ring of Ydi Emust {rF++ rN++ rCorr Str+6}
  7955 | D:8      | Found a flagged portal.
  7968 | Bailey   | Entered a bailey
  8346 | Bailey   | Reached skill level 5 in Invocations
  8793 | Bailey   | Reached skill level 1 in Throwing
  8793 | Bailey   | Reached XP level 10. HP: 45/90 MP: 9/12
  9021 | Bailey   | Reached skill level 10 in Armour
  9250 | D:8      | Noticed Psyche
  9273 | D:8      | Killed Psyche
  9848 | D:8      | Found a radiant altar of Vehumet.
 11207 | D:9      | Noticed an obsidian statue
 12031 | D:10     | Entered Level 10 of the Dungeon
 12081 | D:10     | Reached skill level 1 in Polearms
 12140 | D:10     | Reached skill level 11 in Armour
 12302 | D:10     | Reached ***** piety under Okawaru
 12645 | D:10     | Reached XP level 11. HP: 34/97 MP: 8/14
 12923 | D:10     | Identified the +0 plate armour "Fafost" {Dex+4} (Okawaru
                  | gifted it to you on level 10 of the Dungeon)
 12923 | D:10     | Received a gift from Okawaru
 12998 | D:10     | Found a runed translucent door.
 13019 | D:10     | Found a shimmering blue altar of Sif Muna.
 13605 | D:10     | Noticed an orc knight
 13631 | D:10     | Killed an orc knight
 13932 | D:11     | Noticed a two-headed ogre
 14332 | D:11     | Noticed Fannar
 14349 | D:11     | Killed Fannar
 14427 | D:11     | Noticed a two-headed ogre
 14436 | D:11     | Killed a two-headed ogre
 14460 | D:10     | Reached skill level 10 in Fighting
 14695 | D:11     | Reached skill level 10 in Shields
 14760 | D:11     | Found a staircase to the Lair.
 14905 | D:11     | Slain by a manticore

Illustrated notes

Levels and vault maps discovered:
D:1:      elethiomel_arrival_maze, layout_loops_ring,
          hellmonk_ecumenical_altar_heavens_door, solitary_fountain
D:2:      layout_loops_ring, minmay_misc_feat_encased, minmay_misc_feat_pillars
D:3:      layout_rooms, okawaru_trees_2, gammafunk_ghost_split, serial_curves,
          eino_curves_01, eino_curves_03, eino_curves_03
D:4:      layout_rooms, chequers_temple_overflow_minitemple,
          minmay_temple_entry_statues_pillars
D:5:      layout_loops_ring, nicolae_hexahallways, kennysheep_cross_bottleneck,
          uniq_menkaure, uniq_grinder
D:6:      layout_rooms, kennysheep_slug_shrine, overflow_temple_1_default,
          nicolae_hepliaklqana_ecumenical_no_more,
          nicolae_dithmenos_through_a_glass_darkly, lemuel_doored_altar
D:7:      layout_loops_ring, mainiacjoe_overflow_catwalk,
          mainiacjoe_overflow_paths
D:8:      layout_basic, mainiacjoe_overflow_cross_hatched, enter_bailey_2,
          lemuel_flamethrower_1, uniq_psyche
D:9:      layout_irregular_city, minivault_16, lemuel_flamethrower_2
D:10:     layout_stronghold, led_sif_pool, st_stairs_8, lightli_church_of_beogh
D:11:     layout_stronghold, erik_lair_orcish_takeover, erik_orc_4,
          kennysheep_diamond, uniq_fannar
Temple:   corrupted_temple

Skill      XL: |  1  2  3  4  5  6  7  8  9 10 11 |
---------------+----------------------------------+-----
Fighting       | 4 5 6 7 8 9 10 | 10.0
Armour         | 4 5 6 7 8 9 11 | 11.9
Dodging        | 1 2 3 |  3.9
Short Blades   | 1 2 5 6 |  6.8
Invocations    | 1 2 3 4 5 6 |  6.6
Shields        | 4 5 6 8 10 | 10.1
Stealth        | 1 |  1.5
Throwing       | 1 2 |  2.0
Polearms       | 3 4 |  4.4
Axes           | |  2.9

Action                   |  1- 3 |  4- 6 |  7- 9 | 10-12 || total
-------------------------+-------+-------+-------+-------++-------
Melee: War axe           |    72 |       |       |       ||    72
       Headbutt          |    11 |    23 |    68 |    90 ||   192
       Dagger            |    27 |   113 |    12 |       ||   152
       Short sword       |       |       |   316 |    73 ||   389
       Spear             |       |       |       |   253 ||   253
       Knife             |       |       |       |   121 ||   121
Throw: Boomerang         |       |       |    22 |    18 ||    40
Invok: Heroism           |       |       |       |     2 ||     2
Evoke: Wand              |       |       |     1 |       ||     1
  Use: Scroll            |     1 |       |    14 |     5 ||    20
       Potion            |       |       |     2 |     3 ||     5
Armor: Scale mail        |    43 |    42 |    43 |       ||   128
       Chain mail        |       |       |    86 |   139 ||   225
       Skin              |       |       |       |     4 ||     4
       Plate armour      |       |       |       |    79 ||    79
Dodge: Dodged            |    38 |    42 |   136 |   195 ||   411
Block: Buckler           |    27 |    16 |    89 |     1 ||   133
       Kite shield       |       |       |       |   353 ||   353
